 Dungeon Crawl Stone Soup version 0.28-a0-1356-g2ad6d04315 (webtiles) character file.

Game seed: 14702548080466565770

618162 bearlyready the Spry (level 27, -5/292 HPs)
             Began as a Djinni Ice Elementalist on Dec 30, 2021.
             Was the Champion of Ashenzari.
             Killed from afar by Rialobil the pandemonium lord (48 damage)
             ... with a great blast of fire
             ... on level 1 of the Realm of Zot.
             The game lasted 02:18:27 (54666 turns).

bearlyready the Spry (Djinni Ice Elementalist)     Turns: 54666, Time: 02:18:27

Health: -5/292     AC: 46    Str:  7    XL:     27
Gold:   2579       EV: 25    Int: 30    God:    Ashenzari [******] SH: 21 Dex: 13

rFire   + + +      SeeInvis +   M - +4 broad axe of Ashenzari's Fanaticism {freeze, rElec rF+ rC+ SInv, Cun, Self} (curse)
rCold   + . .      Faith    .   m - +4 kite shield "Soothsayer of Ashenzari" {rF+, Self, Cun} (curse)
rNeg    + . .      Spirit   .   (armour currently unavailable)
rPois   ∞          Reflect  .   X - +2 helmet "Ruined Together" {Fort, Evo} (curse)
rElec   +          Harm     .   g - +2 cloak "Stellar Fortune-Teller" {Self, Melee} (curse)
rCorr   .          Rampage  .   (gloves currently unavailable)
Will    ++...      Clarity  +   (boots unavailable)
Stlth   ++........              G - amulet "Shattered With Me" {Regen+, Melee, Self} (curse)
HPRegen 1.38/turn               H - ring of the Eye in the Sky {AC+4, Fort, Cun} (curse)
MPRegen 0.00/turn               N - ring "Malaise of Ashenzari" {rC+, Fort, Evo} (curse)

@: statue-form, on dragon call cooldown, flying, studying Throwing, very slow
A: slow and powerful, torment resistance 1, flying, boosted hp, sickness
immunity, fire resistance 2, cold vulnerability 1, float, innate caster, hp
casting, extra vitality 1, clumsy 1, noise suppression
0: Orb of Zot
}: 4/15 runes: serpentine, silver, abyssal, gossamer
a: End Transformation, Renounce Religion, Shatter the Chains


You were on level 1 of the Realm of Zot.
You worshipped Ashenzari.
Ashenzari was exalted by your worship.
You were a living statue of rough stone.
You visited 11 branches of the dungeon, and saw 50 of its levels.
You visited the Abyss 3 times.
You visited 1 bazaar.
You also visited: Trove and Ice Cave.

You collected 8301 gold pieces.
You spent 5722 gold pieces at shops.

Inventory:

Hand Weapons
 M - the cursed +4 broad axe of Ashenzari's Fanaticism (weapon) {freeze, rElec rF+ rC+ SInv, Cun, Self}
   (You found it on level 6 of the Lair of Beasts)

   It freezes those it strikes, dealing additional cold damage.
   It can also slow down cold-blooded creatures.
   rF:        It protects you from fire.
   rC:        It protects you from cold.
   rElec:     It insulates you from electricity.
   SInv:      It lets you see invisible.
   It has a curse which improves the following skills: Cunning: Dodging and
   Stealth.
   Introspection: Fighting and Spellcasting.
Missiles
 h - 9 throwing nets
Armour
 g - the cursed +2 cloak "Stellar Fortune-Teller" (worn) {Self, Melee}
   (You took it off Maurice on level 8 of the Dungeon)

   It has a curse which improves the following skills: Introspection: Fighting
   and Spellcasting.
   Melee Combat: Short Blades, Long Blades, Axes, Maces & Flails, Polearms,
   Staves and Unarmed Combat.
 m - the cursed +4 kite shield "Soothsayer of Ashenzari" (worn) {rF+, Self, Cun}
   (You acquired it on level 2 of the Snake Pit)

   rF:        It protects you from fire.
   It has a curse which improves the following skills: Introspection: Fighting
   and Spellcasting.
   Cunning:   Dodging and Stealth.
 F - the cursed +1 scale mail of Star-Bound Wisdom (melded) {+Blink Str+4 Slay+2, Melee, Self}
   (You found it on level 3 of the Elven Halls)

   Str:       It affects your strength (+4).
   Slay:      It affects your accuracy & damage with ranged weapons and melee
   (+2).
   +Blink:    It lets you blink.
   It has a curse which improves the following skills: Melee Combat: Short
   Blades, Long Blades, Axes, Maces & Flails, Polearms, Staves and Unarmed
   Combat.
   Introspection: Fighting and Spellcasting.
 O - the cursed +2 pair of gloves "Mysticism of the Cosmos" (melded) {Dex+3, Self, Evo}
   (You acquired it on level 1 of the Realm of Zot)

   It has a curse which improves the following skills: Introspection: Fighting
   and Spellcasting.
   Evocations: Evocations.
 X - the cursed +2 helmet "Ruined Together" (worn) {Fort, Evo}
   (You found it on level 4 of the Realm of Zot)

   It has a curse which improves the following skills: Fortitude: Armour and
   Shields.
   Evocations: Evocations.
Jewellery
 u - the ring "Rogar" {rN+ Will+}
   (You took it off a tengu warrior on level 3 of the Depths)

   [ring of positive energy]

   rN:        It protects you from negative energy.
   Will:      It increases your willpower.
 G - the cursed amulet "Shattered With Me" (around neck) {Regen+, Melee, Self}
   (You found it on level 5 of the Dungeon)

   [amulet of regeneration]

   Regen:     It increases your rate of health regeneration.
   It has a curse which improves the following skills: Melee Combat: Short
   Blades, Long Blades, Axes, Maces & Flails, Polearms, Staves and Unarmed
   Combat.
   Introspection: Fighting and Spellcasting.
 H - the cursed ring of the Eye in the Sky (left fist) {AC+4, Fort, Cun}
   (You found it on level 5 of the Dungeon)

   [ring of protection]

   AC:        It affects your AC (+4).
   It has a curse which improves the following skills: Fortitude: Armour and
   Shields.
   Cunning:   Dodging and Stealth.
 N - the cursed ring "Malaise of Ashenzari" (right fist) {rC+, Fort, Evo}
   (You found it on level 8 of the Dungeon)

   [ring of protection from cold]

   rC:        It protects you from cold.
   It has a curse which improves the following skills: Fortitude: Armour and
   Shields.
   Evocations: Evocations.
Wands
 a - a wand of iceblast (52)
 d - a wand of mindburst (31)
 r - a wand of flame (109)
 y - a wand of digging (21)
 K - a wand of polymorph (10)
 P - a wand of acid (12)
 R - a wand of paralysis (4)
 W - a wand of charming (18)
Scrolls
 c - 8 scrolls of enchant armour
 f - 5 scrolls of blinking
 i - 5 scrolls of noise
 j - 7 scrolls of brand weapon
 p - 7 scrolls of fear
 t - 7 scrolls of fog
 v - 26 scrolls of teleportation
 C - 2 scrolls of holy word
 E - 4 scrolls of magic mapping
 S - 5 scrolls of silence
 Z - 6 scrolls of enchant weapon
Potions
 e - 25 potions of curing
 k - 3 potions of mutation
 n - 9 potions of haste
 q - 11 potions of degeneration
 s - 3 potions of cancellation
 z - 10 potions of might
 A - 2 potions of brilliance
 B - 4 potions of invisibility
 D - 4 potions of resistance
 I - 5 potions of lignification
 J - 7 potions of ambrosia
 L - 5 potions of flight
 T - 8 potions of heal wounds
 U - 2 potions of berserk rage
Miscellaneous
 b - a condenser vane
 l - a phantom mirror (inert)
 o - a phial of floods
 w - a box of beasts (inert)
 Q - a lightning rod (4/4)


   Skills:
 + Level 19.3(26.5) Fighting
 - Level 8.0(12.7) Long Blades
 + Level 14.3(19.0) Axes
 + Level 18.3(24.3) Armour
 + Level 20.4(26.2) Dodging
 - Level 3.0(7.9) Stealth
 + Level 18.3(24.2) Shields
 + Level 17.6(25.0) Spellcasting
 + Level 17.9(22.4) Evocations


You couldn't memorise any spells.
You knew the following spells:

 Your Spells              Type           Power      Damage    Failure   Level
a - Freeze                Ice            100%       1d11      0%          1
b - Frozen Ramparts       Ice            100%       1d12      0%          3
c - Ozocubu's Armour      Ice            100%       N/A       0%          3
d - Hailstorm             Conj/Ice       100%       3d20      0%          4
e - Magic Dart            Conj           100%       1d8       0%          1
f - Poisonous Vapours     Pois/Air       100%       N/A       0%          2
g - Corpse Rot            Necr/Air       100%       N/A       0%          2
h - Portal Projectile     Hex/Tloc       100%       N/A       0%          3
i - Iskenderun's Mystic   Conj/Tloc      100%       2d19      0%          4
j - Freezing Cloud        Conj/Ice/Air   56%        6-21      0%          5
k - Iron Shot             Conj/Erth      56%        9d11      0%          6
l - Monstrous Menagerie   Summ           56%        N/A       1%          7
m - Statue Form           Tmut/Erth      74%        N/A       0%          6
n - Enfeeble              Hex            56%        N/A       1%          7
o - Summon Horrible Thin  Summ           56%        N/A       1%          8
p - Dragon's Call         Summ           56%        N/A       2%          9
q - Death's Door          Necr           56%        N/A       2%          9
Your spell library was empty.

Dungeon Overview and Level Annotations

Branches:
Dungeon (15/15)            Temple (1/1) D:4            Lair (6/6) D:10
  Snake (4/4) Lair:3       Spider (4/4) Lair:2        Slime (0/5) Lair:6
    Orc (2/2) D:9             Elf (3/3) Orc:2        Vaults (5/5) D:13
  Crypt (0/3) Vaults:3     Depths (4/4) D:15           Hell (visited)
    Zot (5/5) Depths:4      IceCv (visited)
    Dis: Hell:1         Geh: Hell:1         Coc: Hell:1         Tar: Hell:1

Altars:
Ashenzari
Cheibriados
Dithmenos
Elyvilon
Fedhas
Gozag
Hepliaklqana
Kikubaaqudgha
Makhleb
Nemelex Xobeh
Okawaru
Qazlal
Ru
Sif Muna
Trog
Uskayaw
Vehumet
Wu Jian
Xom
Yredelemnul
Zin
The Shining One
Beogh

Shops:
D:1 [=?**   D:3 ?   D:4 [   D:8 =*((   Orc:2 *(=[   Elf:1 *   Elf:3 !
Snake:4 *:?   Vaults:1 [=*   Vaults:2 (   Vaults:4 [   Vaults:5 =!![
Depths:4 *[([(:=:[

Portals:
Hell: Depths:1 Depths:2 Depths:3 Depths:4
Abyss: Depths:1 Depths:3
Pandemonium: Depths:2
Ziggurat: Depths:2

Annotations:
D:4 exclusion: statue
D:9 3 runed translucent doors, miscthings's ghost, novice DgTm
D:14 1 runed translucent door, Juomar's ghost, journeyman DECj
Lair:6 exclusion: obsidian statue
Depths:3 20 runed doors
Hell Geryon
Zot:5 exclusion: obsidian statue


Innate Abilities, Weirdness & Mutations

You are a living statue of rough stone.
Your actions are slow, but your melee attacks are powerful.
You are resistant to unholy torment.
You are flying.
Your maximum health is greatly increased.
Your equipment is partially melded.
You are immune to sickness and miasma.
You are immune to poison.
Your flesh is very heat resistant. (rF++)
You are vulnerable to cold. (rC-)
You float through the air rather than walking.
You learn spells naturally, not from books.
Your magical power is your life essence.
You have superior vitality. (+4 MHP)
You are clumsy. (Dex -2)
You passively dampen the noise of your surroundings.


Message History

* * * LOW HITPOINT WARNING * * *
The great blast of fire engulfs the reaper!!!!
The reaper is engulfed in blazing flames.
The reaper dies! 2 fire vortices come into view.
Things that are here:
a +0 cloak; a +0 short sword You are engulfed in blazing flames.
You resist. Rialobil gestures at you.
A raging storm of fire appears!
The great blast of fire engulfs you!! You partially resist.
* * * LOW HITPOINT WARNING * * *
3 fire vortices come into view.
Okay, then.
Aiming: Phantom Mirror
Press: ? - help, Dir - move target, f - fire vortex
Aim: a fire vortex (flame)
The mirror can't reflect that.
Unknown command.
Unknown command.
Aiming: Phantom Mirror
Press: ? - help, Dir - move target, f - Rialobil, p - fire vortex
Aim: Rialobil You reflect Rialobil with the mirror!
The mirror clouds!
Rialobil misses Rialobil.
Rialobil gestures at you. You resist with some effort.
Rialobil misses Rialobil.
The fire vortex enters a dispersal trap!
The fire vortex blinks! x2; Rialobil blinks!
The fire vortex blinks! x3
Rialobil blinks!
The fire vortex blinks!
You blink.
The fire vortex blinks!
The balrug gestures at you. Something smites you!
* * * LOW HITPOINT WARNING * * *
A sixfirhy comes into view.
Rialobil misses Rialobil.
Rialobil gestures at you.
A raging storm of fire appears!
The great blast of fire engulfs you!!! You partially resist.
You die...

#..☼##'##§.)........###.#
#.§##...##○.[.v.....###.#
#.##)....##..v.[...)###.#
#.#..###..#..v......###.#
#.#.)#)#..#...))).).###.#
###.#.)#∩#..#..[v.)...###.#
####.##.....##...[.....###.#
####.°##...##○.........###.#
####..○#####○...8.....###..#
####..........#.&..3.###...#
####.#####.####&....###...##
####..........[.^..###...###
#############.....###...####
###########.2##..###...#####
#########{2####>###...######
########.#########...######
#######.######.##...######


You could see Rialobil, a balrug, a sixfirhy, 4 fire vortices and the friendly
Rialobil (summoned, drained).

Vanquished Creatures
  4 dread liches
  An ancient lich (Zot:5)
  Mennas (Vaults:2)
  An orb of fire (Zot:1)
  Saint Roka (Elf:3)
  2 caustic shrikes (Depths:4)
  5 golden dragons
  A bone dragon (Abyss:3)
  Arachne (Spider:4)
  An Ice Fiend (IceCv)
  Rupert (Lair:5)
  7 tentacled monstrosities
  4 Orb Guardians (Zot:5)
  4 liches
  A deep elf master archer (Elf:3)
  3 quicksilver dragons
  2 deep elf blademasters
  2 death cobs
  6 titans
  5 sphinxes
  7 storm dragons
  6 tengu reavers
  Gastronok (Lair:2)
  7 shadow dragons
  Donald (Orc:2)
  2 draconian monks
  6 nagarajas
  2 emperor scorpions
  7 fire giants
  2 draconian knights
  5 frost giants
  A ghost moth (shapeshifter) (Depths:2)
  4 draconian scorchers (Zot:1)
  An iron dragon (Depths:3)
  10 vault wardens
  3 deep elf sorcerers
  4 ghost moths
  3 orc warlords
  A draconian shifter (Zot:3)
  6 deep elf elementalists (Elf:3)
  6 ironbound thunderhulks
  A spriggan defender (Depths:3)
  A broodmother (Spider:2)
  5 war gargoyles
  19 stone giants
  23 very ugly things
  A lorocyproca (Abyss:2)
  11 ironbound preservers
  3 vampire knights
  A demonspawn black sun (Zot:1)
  A green draconian (Zot:4)
  2 deep elf demonologists (Elf:3)
  5 deep elf annihilators
  An entropy weaver (Vaults:1)
  2 purple draconians
  3 yellow draconians
  9 spark wasps
  21 dire elephants
  5 white draconians
  4 black draconians
  4 red draconians
  A blizzard demon (Depths:3)
  A deep elf death mage (Elf:3)
  2 jiangshi (Depths:3)
  8 fire dragons
  13 ettins
  A merfolk impaler (Depths:1)
  10 great orbs of eyes
  5 deep elf high priests
  13 yaktaur captains
  4 rakshasas
  Harold (D:8)
  9 boulder beetles
  A caustic shrike simulacrum (IceCv)
  A salamander tyrant (Snake:4)
  39 vault guards
  11 hydras
  2 spriggan air magi
  2 naga warriors (Snake:4)
  3 peacekeepers
  6 ice dragons
  3 ironbound frosthearts
  13 centaur warriors
  10 anacondas
  An ogre mage (D:11)
  8 two-headed ogres
  25 dancing weapons
  2 death yaks (Lair:6)
  3 deep troll shamans
  6 tengu warriors
  A catoblepas (D:12)
  11 deep troll earth magi
  2 spriggan berserkers (Depths:3)
  2 vampire magi
  21 deep elf knights
  Urug (Orc:2)
  8 naga sharpshooters
  A shock serpent (shapeshifter) (Vaults:5)
  3 thrashing horrors (Abyss:3)
  5 shock serpents
  9 hell knights
  4 orc high priests
  3 pharaoh ants
  A shadow wraith (Abyss:3)
  2 salamander mystics
  3 iron trolls (Depths:4)
  A steelbarb worm (Spider:4)
  A spectral anaconda (Lair:6)
  2 spectral death yaks (Lair:6)
  4 skeletal warriors
  2 flayed ghosts (Abyss:3)
  57 deep trolls
  5 orb spiders
  A swamp dragon (shapeshifter) (D:11)
  A lindwurm (shapeshifter) (Vaults:5)
  8 spriggan simulacra (IceCv)
  19 deep elf archers
  A bog body (IceCv)
  2 naga ritualists
  20 ironbound convokers
  An obsidian statue (IceCv)
  7 wizards
  4 glowing orange brains
  7 lindwurms
  16 wolf spiders
  8 necromancers
  Pikel (D:6)
  4 mana vipers
  29 deep elf pyromancers
  7 cyclopes
  27 deep elf zephyrmancers
  6 phantasmal warriors
  6 orc sorcerers (Orc:2)
  24 ugly things
  14 orc knights
  A salamander (shapeshifter) (D:13)
  A shining eye (shapeshifter) (Depths:1)
  7 salamanders
  A dire elephant zombie (Lair:6)
  5 manticores
  13 moths of wrath
  3 worldbinders
  27 elephants
  16 vault sentinels
  A guardian serpent (Snake:4)
  Joseph (D:7)
  6 naga magi
  Maurice (D:8)
  27 black mambas
  14 cane toads
  A smoke demon (Abyss:2)
  2 torpor snails
  Psyche (D:8)
  3 gargoyles (D:13)
  2 unseen horrors
  7 freezing wraiths
  3 demonic crawlers
  An unseen horror (shapeshifter) (D:13)
  4 rime drakes
  An anaconda simulacrum (IceCv)
  4 entropy weaver simulacra (IceCv)
  15 yaktaurs
  An efreet (D:15)
  3 ancient zymes (Abyss:2)
  9 komodo dragons
  7 ice devils (IceCv)
  A komodo dragon (shapeshifter) (Vaults:5)
  4 tengu conjurers
  6 meliai
  A red devil (Zot:2)
  A silent spectre (Abyss:3)
  A merfolk (shapeshifter) (Vaults:5)
  18 tarantellas
  4 trolls
  A tarantella (shapeshifter) (Elf:3)
  2 polar bears
  4 hornets
  Grinder (D:4)
  6 blink frogs
  A raiju (Abyss:3)
  A slime creature (shapeshifter) (Depths:2)
  6 dream sheep (Lair:3)
  11 culicivoras
  29 slime creatures
  A jumping spider (shapeshifter) (Elf:1)
  4 air elementals
  2 shadows
  41 yaks
  A dire elephant simulacrum (IceCv)
  3 fire elementals
  12 jumping spiders
  A wyvern (Lair:2)
  A centaur simulacrum (D:14)
  2 large abominations
  A vampire (D:13)
  A nameless horror (D:15)
  3 fire bats (Abyss:3)
  4 wraiths
  3 basilisks
  2 water elementals
  7 minotaur simulacra (IceCv)
  A neqoxec (Zot:2)
  32 redbacks
  A death yak simulacrum (Lair:6)
  A vampire mosquito (D:13)
  A swamp worm (shapeshifter) (Vaults:5)
  3 wargs
  32 nagas
  An acid dragon (D:10)
  21 water moccasins
  2 hydra simulacra (IceCv)
  A small abomination (Abyss:2)
  3 floating eyes
  25 orc warriors
  3 alligator simulacra (IceCv)
  An ettin simulacrum (IceCv)
  2 ice beasts
  A sky beast (D:7)
  2 black bears
  10 ogres
  2 elephant zombies (Lair:6)
  2 boggarts (Elf:1)
  A necrophage (D:5)
  10 centaurs
  10 wolves
  An elephant skeleton (Lair:6)
  A phantom (D:4)
  3 lemures (D:6)
  11 bullfrogs
  3 earth elementals (Elf:3)
  2 scorpions
  7 deep troll simulacra (IceCv)
  A hornet simulacrum (D:14)
  3 elephant simulacra (Lair:6)
  9 killer bees
  2 howler monkeys
  10 wights
  A bullfrog zombie (D:5)
  7 centaur zombies
  2 hounds
  12 orc priests
  2 bullfrog skeletons
  3 centaur skeletons
  Jessica (D:2)
  26 orc wizards
  4 hell rats (Lair:4)
  A killer bee zombie (D:4)
  A hound zombie (D:5)
  A hound skeleton (D:5)
  2 howler monkey zombies
  3 gnolls (D:4)
  11 adders
  A howler monkey skeleton (D:7)
  A shadow imp (D:7)
  2 white imps
  An ufetubus (D:3)
  5 dart slugs
  58 orcs
  6 ball pythons
  3 endoplasms
  A giant cockroach (D:4)
  5 goblins
  5 hobgoblins
  6 jackals (D:2)
  5 kobolds
  4 quokkas
  4 bats
  3 frilled lizards
  A goblin skeleton (D:4)
  2 goblin zombies (D:4)
  A hobgoblin zombie (D:4)
  2 kobold zombies (D:4)
  2 orc skeletons (D:4)
  3 orc zombies (D:4)
  7 rats
  2 fire vortices (Zot:5)
  A lurking horror (Abyss:2)
1630 creatures vanquished.

Vanquished Creatures (collateral kills)
  A dread lich (Vaults:5)
  2 orbs of fire
  3 ancient liches (Zot:5)
  Mara (Elf:3)
  2 Killer Klowns (Zot:5)
  Vashnia (Snake:3)
  A curse toe (Zot:3)
  4 golden dragons
  3 caustic shrikes (Depths:4)
  Nikola (Snake:3)
  A Brimstone Fiend (Zot:1)
  2 electric golems (Zot:5)
  7 tentacled monstrosities
  17 Orb Guardians (Zot:5)
  A quicksilver dragon (Zot:1)
  A deep elf master archer (Elf:3)
  2 walking divine tomes (Depths:3)
  A titan (Vaults:5)
  6 death cobs
  An Executioner (Zot:5)
  5 shadow dragons
  3 tengu reavers (Vaults:5)
  A sphinx (Vaults:5)
  Roxanne (Spider:1)
  2 draconian monks (Zot:1)
  8 storm dragons
  A nagaraja (Snake:4)
  6 draconian scorchers
  3 deep elf sorcerers (Elf:3)
  3 emperor scorpions (Spider:4)
  4 draconian knights
  4 ghost moths
  An iron dragon (Vaults:5)
  2 draconian stormcallers
  3 vault wardens
  6 draconian annihilators
  A draconian shifter (Zot:3)
  A deep elf elementalist (Elf:3)
  7 ironbound preservers
  A spriggan defender (Depths:3)
  5 stone giants
  2 vampire knights (Depths:4)
  2 ironbound thunderhulks
  2 purple draconians
  5 deep elf annihilators
  8 green draconians
  3 demonspawn black suns (Zot:1)
  A spark wasp (Spider:4)
  5 yellow draconians
  2 entropy weavers
  4 white draconians
  5 black draconians
  7 red draconians
  2 fire dragons (Depths:4)
  A deep elf death mage (Vaults:2)
  A deep elf high priest (Vaults:5)
  6 yaktaur captains
  An ettin (Depths:3)
  2 salamander tyrants (Snake:4)
  A great orb of eyes (shapeshifter) (Vaults:5)
  3 vault guards (Vaults:5)
  3 naga warriors
  2 ice dragons
  An ogre mage (Vaults:5)
  A hydra (Lair:6)
  2 ironbound frosthearts (Vaults:2)
  3 centaur warriors (Vaults:1)
  3 dancing weapons
  A deep troll shaman (Depths:4)
  3 deep troll earth magi (Depths:4)
  A two-headed ogre (Vaults:5)
  A nameless horror (Zot:5)
  A shock serpent (Snake:1)
  7 naga sharpshooters
  A spriggan (Depths:3)
  2 deep elf knights
  A salamander mystic (Snake:4)
  2 iron trolls (Depths:4)
  4 skeletal warriors (D:15)
  A steelbarb worm (Spider:1)
  A glowing orange brain (Depths:4)
  3 naga ritualists (Snake:4)
  A wizard (Vaults:1)
  16 deep trolls
  4 ironbound convokers
  An orb spider (Spider:4)
  A phantasmal warrior (Vaults:5)
  2 deep elf zephyrmancers (Elf:3)
  3 deep elf archers (Elf:2)
  A mana viper (Snake:4)
  4 deep elf pyromancers
  4 orc knights
  4 salamanders
  A cyclops (D:13)
  3 ugly things
  12 moths of wrath
  9 naga magi
  A torpor snail (Spider:4)
  4 vault sentinels
  A guardian serpent (Snake:4)
  2 black mambas (Snake:4)
  An eye of devastation (shapeshifter) (Vaults:5)
  A demonic crawler (Spider:4)
  6 yaktaurs
  3 hornets
  8 tarantellas
  A dream sheep (shapeshifter) (Vaults:5)
  3 slime creatures
  An air elemental (Elf:3)
  A culicivora (Spider:1)
  A basilisk (D:13)
  7 redbacks
  18 nagas
  A boggart (Elf:1)
  3 ogres (Vaults:5)
  An orc priest (Vaults:5)
  An orc wizard (Vaults:5)
  2 orcs (Vaults:5)
  3 fire vortices (Zot:5)
369 creatures vanquished.

Vanquished Creatures (others)
  A pandemonium lord (Zot:5)
  A bone dragon (Depths:4)
  Asterion (Snake:1)
  A deep elf elementalist (Elf:3)
  A reaper (Zot:1)
  2 yellow draconians
  A deep elf high priest (Elf:3)
  2 deep elf knights
  2 deep elf zephyrmancers (Elf:3)
  A fire elemental (Elf:3)
  4 bushes (Abyss:3)
  9 demonic plants (Abyss:3)
  9 fire vortices (Zot:5)
  14 fungi
  A lurking horror (Abyss:3)
  36 plants
  19 withered plants (Lair:6)
105 creatures vanquished.

Grand Total: 2104 creatures vanquished

Notes
Turn   | Place    | Note
-------+----------+-------------------------------------------
     0 | D:1      | bearlyready the Djinni Ice Elementalist began the quest for
                  | the Orb.
     0 | D:1      | Reached XP level 1. HP: 15/15 MP: 0/0
    96 | D:1      | Found Nareri's General Store.
   185 | D:1      | Reached XP level 2. HP: 14/21 MP: 0/0
   451 | D:1      | Found Atuizaof's Jewellery Shop.
   525 | D:1      | Found Ziecor's Antique Armour Shop.
   636 | D:1      | Found Ytoawohi's Magic Scroll Shop.
   785 | D:1      | Found Odublot's General Store.
  1033 | D:1      | Reached XP level 3. HP: 23/25 MP: 0/0
  1033 | D:1      | Learned a level 1 spell: Magic Dart
  1756 | D:2      | Reached XP level 4. HP: 26/31 MP: 0/0
  1896 | D:2      | Noticed Jessica
  1900 | D:2      | Killed Jessica
  2373 | D:2      | Found a faded altar of an unknown god.
  2414 | D:3      | Found Mafehawi's Magic Scroll Boutique.
  2418 | D:3      | Bought a scroll of teleportation for 39 gold pieces
  2689 | D:3      | Noticed a centaur
  2694 | D:3      | Reached XP level 5. HP: 28/35 MP: 0/0
  2694 | D:3      | Learned a level 2 spell: Poisonous Vapours
  2702 | D:3      | Killed a centaur
  2703 | D:3      | Reached skill level 5 in Spellcasting
  3003 | D:3      | Reached XP level 6. HP: 25/40 MP: 0/0
  3156 | D:3      | Found a shadowy altar of Dithmenos.
  3639 | D:4      | Found a snail-covered altar of Cheibriados.
  3727 | D:4      | Noticed Grinder
  3738 | D:4      | Paralysed by Grinder for 6 turns
  3759 | D:4      | Killed Grinder
  3760 | D:4      | Reached XP level 7. HP: 21/45 MP: 0/0
  3760 | D:4      | Learned a level 2 spell: Corpse Rot
  3931 | D:4      | Found a staircase to the Ecumenical Temple.
  4044 | Temple   | Entered the Ecumenical Temple
  4258 | Temple   | Became a worshipper of Ashenzari the Shackled
  4527 | D:4      | Found Cishrivi's Armour Boutique.
  4610 | D:4      | Found a glowing golden altar of the Shining One.
  5745 | D:5      | Entered Level 5 of the Dungeon
  5793 | D:5      | Reached XP level 8. HP: 38/50 MP: 0/0
  6776 | D:7      | Reached XP level 9. HP: 47/55 MP: 0/0
  6776 | D:7      | Learned a level 3 spell: Portal Projectile
  6870 | D:7      | Noticed a hornet
  6876 | D:7      | Killed a hornet
  7059 | D:7      | Noticed a six-headed hydra
  7125 | D:8      | Noticed Psyche
  7137 | D:8      | Reached skill level 10 in Spellcasting
  7139 | D:8      | Killed Psyche
  7176 | D:8      | Noticed a two-headed ogre
  7186 | D:8      | Killed a two-headed ogre
  7187 | D:8      | Reached XP level 10. HP: 43/60 MP: 0/0
  7215 | D:8      | Found a blossoming altar of Fedhas.
  7217 | D:8      | Found Ovavibly's Weapon Emporium.
  7274 | D:8      | Noticed Maurice
  7287 | D:8      | Killed Maurice
  7408 | D:8      | Found Kiwisa's Antique Weapon Boutique.
  7424 | D:8      | Found Xeolusol's Jewellery Emporium.
  7431 | D:8      | Reached skill level 1 in Fighting
  7431 | D:8      | Reached skill level 1 in Evocations
  7452 | D:8      | Found Getapi's Assorted Antiques.
  7465 | D:8      | Bought a scroll of teleportation for 78 gold pieces
  7503 | D:8      | Noticed Harold
  7528 | D:8      | Killed Harold
  7839 | D:9      | Found an ornate altar of the Wu Jian Council.
  7842 | D:9      | Found a hide-covered altar of Uskayaw.
  7929 | D:9      | Noticed a two-headed ogre
  7936 | D:9      | Killed a two-headed ogre
  7937 | D:9      | Reached skill level 1 in Long Blades
  7937 | D:9      | Reached skill level 3 in Dodging
  7937 | D:9      | Reached XP level 11. HP: 57/74 MP: 0/0
  7937 | D:9      | Learned a level 4 spell: Iskenderun's Mystic Blast
  7949 | D:9      | Reached skill level 5 in Evocations
  7951 | D:9      | Reached skill level 5 in Fighting
  8128 | D:9      | Found a runed translucent gate.
  8129 | D:9      | Found a runed translucent gate.
  8130 | D:9      | Found a runed translucent gate.
  8132 | D:9      | Found an opulent altar of Gozag.
  8132 | D:9      | Noticed miscthings's ghost (novice DgTm)
  8133 | D:9      | Noticed a tengu warrior
  8404 | D:9      | Found a staircase to the Orcish Mines.
  8468 | D:9      | Noticed a cyclops
  8475 | D:9      | Killed a cyclops
  8476 | D:9      | Reached skill level 4 in Dodging
  8639 | D:10     | Entered Level 10 of the Dungeon
  8725 | D:10     | Noticed a deep elf zephyrmancer
  8735 | D:10     | Noticed a wizard
  8737 | D:10     | Noticed a deep elf pyromancer
  8740 | D:10     | Killed a wizard
  8801 | D:11     | Reached * piety under Ashenzari
  8877 | D:7      | Noticed Joseph
  8888 | D:7      | Killed Joseph
  9162 | D:7      | Killed a six-headed hydra
  9311 | D:7      | Reached skill level 5 in Dodging
  9531 | D:7      | Reached ** piety under Ashenzari
  9713 | D:6      | Noticed Pikel
  9721 | D:6      | Killed Pikel
  9722 | D:6      | Reached skill level 1 in Shields
  9861 | D:6      | Reached skill level 1 in Armour
 10337 | D:10     | Killed a deep elf zephyrmancer
 10372 | D:10     | Noticed a deep elf zephyrmancer
 10427 | D:10     | Found a staircase to the Lair.
 10478 | D:10     | Killed a deep elf zephyrmancer
 10479 | D:10     | Reached XP level 12. HP: 41/86 MP: 0/0
 10627 | D:10     | Reached *** piety under Ashenzari
 10703 | D:10     | Identified Ximnir's Volume of Combed Thunderclap
 10705 | D:10     | Identified the Compendium of Plaster Cramp
 10782 | D:10     | Found a glowing silver altar of Zin.
 10834 | D:10     | Found an opulent altar of Gozag.
 10883 | D:10     | Identified Sif Muna's Handbook of Axaxaxas mlö
 11103 | D:11     | Noticed a six-headed hydra
 11123 | D:11     | Killed a six-headed hydra
 11124 | D:11     | Reached skill level 6 in Dodging
 11678 | D:11     | Noticed a boulder beetle
 11690 | D:11     | Killed a boulder beetle
 11766 | D:11     | Noticed a centaur warrior
 11783 | D:11     | Killed a centaur warrior
 11835 | D:11     | Noticed an ogre mage
 11864 | Lair:1   | Entered Level 1 of the Lair of Beasts
 11958 | Lair:1   | Identified the +1 mace of the Forest {vorpal, rN++}
 12103 | Lair:1   | Reached skill level 5 in Long Blades
 12792 | Lair:1   | Reached skill level 7 in Dodging
 13199 | Lair:2   | Noticed a five-headed hydra
 13211 | Lair:2   | Killed a five-headed hydra
 13212 | Lair:2   | Reached XP level 13. HP: 69/97 MP: 0/0
 13212 | Lair:2   | Learned a level 5 spell: Freezing Cloud
 13305 | Lair:2   | Found a hole to the Spider Nest.
 13628 | Lair:2   | Noticed Gastronok
 13642 | Lair:2   | Killed Gastronok
 14279 | Lair:3   | Reached skill level 5 in Shields
 14291 | Lair:3   | Reached skill level 5 in Armour
 14479 | Lair:3   | Found a staircase to the Snake Pit.
 14490 | Lair:3   | Reached **** piety under Ashenzari
 14718 | Lair:3   | Reached skill level 8 in Dodging
 14980 | Lair:3   | Found the +8 whip "Snakebite" {venom, curare, rPois}
 15412 | Lair:4   | Reached XP level 14. HP: 72/110 MP: 0/0
 15683 | Lair:4   | Identified the +5 scale mail of the Arcane {Rampage}
 15694 | Lair:4   | Found the +7 captain's cutlass {speed, disarm}
 16199 | Lair:5   | Reached ***** piety under Ashenzari
 16328 | Lair:5   | Noticed Rupert
 16387 | Lair:5   | Paralysed by Rupert for 4 turns
 16405 | Lair:5   | Killed Rupert
 16471 | Lair:5   | Reached skill level 9 in Dodging
 17127 | Lair:6   | Entered Level 6 of the Lair of Beasts
 17314 | Lair:6   | Reached ****** piety under Ashenzari
 17623 | Lair:6   | Found a staircase to the Slime Pits.
 17755 | Lair:6   | Noticed a dire elephant
 17758 | Lair:6   | Noticed a dire elephant
 17758 | Lair:6   | Noticed a dire elephant
 17758 | Lair:6   | Noticed a dire elephant
 17777 | Lair:6   | Reached XP level 15. HP: 119/129 MP: 0/0
 17777 | Lair:6   | Learned a level 6 spell: Iron Shot
 17834 | Lair:6   | Identified the +4 broad axe of Wariness {freeze, rElec rF+
                  | rC+ SInv}
 18215 | Lair:6   | Reached skill level 10 in Fighting
 18241 | Lair:6   | Reached skill level 10 in Evocations
 18357 | Lair:5   | Reached skill level 10 in Dodging
 19104 | D:11     | Identified the +8 mace of Distant Worlds {freeze, Int+3}
 19117 | D:11     | Reached skill level 1 in Axes
 20237 | D:13     | Found a gate to the Vaults.
 20249 | D:13     | Reached XP level 16. HP: 119/138 MP: 0/0
 21053 | D:14     | Found a burning altar of Makhleb.
 21082 | D:14     | Found a frozen archway.
 21089 | IceCv    | Entered an ice cave
 21403 | IceCv    | Reached skill level 11 in Dodging
 21656 | IceCv    | Found the +2 Maxwell's thermic engine {flame, freeze}
 21820 | IceCv    | Noticed an Ice Fiend
 21930 | IceCv    | Killed an Ice Fiend
 21956 | IceCv    | Identified the Collected Works on the Glacier
 21957 | IceCv    | Identified the +2 leather armour "Fecaoj Himix" {rN+ Dex+2
                  | SInv}
 22538 | D:14     | Found a runed translucent door.
 22538 | D:14     | Found a shimmering altar of Xom.
 22538 | D:14     | Identified the +3 great mace of Intuition {chaos, rN+
                  | Str+5}
 22538 | D:14     | Noticed Juomar's ghost (journeyman DECj)
 22538 | D:14     | Identified the +5 demon blade "Jicsuurch" {elec, Will+
                  | Int+6}
 22564 | D:15     | Entered Level 15 of the Dungeon
 22583 | D:14     | Reached XP level 17. HP: 91/138 MP: 0/0
 22583 | D:14     | Learned a level 7 spell: Monstrous Menagerie
 22999 | D:15     | Found a glowing silver altar of Zin.
 23000 | D:15     | Found a white marble altar of Elyvilon.
 23002 | D:15     | Found a glowing golden altar of the Shining One.
 23270 | D:15     | Found a staircase to the Depths.
 23720 | Snake:1  | Entered Level 1 of the Snake Pit
 23978 | Orc:1    | Entered Level 1 of the Orcish Mines
 24108 | Orc:2    | Entered Level 2 of the Orcish Mines
 24368 | Orc:2    | Noticed Urug
 24465 | Orc:2    | Killed Urug
 24468 | Orc:2    | Reached skill level 5 in Axes
 24484 | Orc:2    | Reached skill level 12 in Dodging
 24544 | Orc:2    | Noticed Donald
 24557 | Orc:2    | Killed Donald
 24893 | Orc:2    | Found a staircase to the Elven Halls.
 25136 | Orc:2    | Paralysed by an orc sorcerer for 5 turns
 25203 | Orc:2    | Found Kovusur's Antique Armour Shop.
 25218 | Orc:2    | Reached skill level 10 in Shields
 25219 | Orc:2    | Found Raapinaa's Antique Weapon Shoppe.
 25244 | Orc:2    | Found Wibb's Assorted Antiques.
 25245 | Orc:2    | Found Vintiec's Jewellery Shoppe.
 25266 | Orc:2    | Bought a scroll of teleportation for 87 gold pieces
 25266 | Orc:2    | Bought a scroll of magic mapping for 101 gold pieces
 25438 | Spider:1 | Entered Level 1 of the Spider Nest
 25488 | Spider:1 | Noticed Roxanne
 25567 | Spider:1 | Killed Roxanne
 26035 | Spider:1 | Reached skill level 10 in Armour
 26422 | Spider:2 | Reached XP level 18. HP: 96/146 MP: 0/0
 27497 | Spider:4 | Entered Level 4 of the Spider Nest
 27872 | Spider:4 | Noticed Arachne
 28030 | Spider:4 | Killed Arachne
 28127 | Spider:4 | HP: 7/153 [emperor scorpion (11)]
 28544 | Spider:4 | Got a gossamer rune of Zot
 28737 | Spider:4 | Reached skill level 13 in Dodging
 29565 | Snake:1  | Reached XP level 19. HP: 149/159 MP: 0/0
 29565 | Snake:1  | Learned a level 6 spell: Statue Form
 29829 | Snake:1  | Noticed Asterion
 29841 | Snake:1  | Gained mutation: You passively dampen the noise of your
                  | surroundings. [a cacodemon]
 29845 | Snake:1  | Killed Asterion
 29904 | Snake:1  | Identified the cursed +0 pair of gloves of Ashenzari's
                  | Monotheism {Fort, Range} (You found it on level 2 of the
                  | Dungeon)
 29904 | Snake:1  | Identified the cursed +2 robe "Loss of the Cosmos" {rF+,
                  | Self, Evo} (You took it off Psyche on level 8 of the
                  | Dungeon)
 30008 | Snake:2  | Identified a scroll of acquirement
 30127 | Snake:2  | Acquired the +4 kite shield of the Trees {rF+}
 30889 | Snake:3  | Noticed Nikola
 30898 | Snake:3  | Killed Nikola
 31044 | Snake:3  | Noticed Vashnia
 31074 | Snake:3  | Killed Vashnia
 31678 | Snake:4  | Entered Level 4 of the Snake Pit
 31766 | Snake:4  | Found Louricle's Magic Scroll Shoppe.
 31796 | Snake:4  | Bought a scroll of teleportation for 60 gold pieces
 31796 | Snake:4  | Bought a scroll of teleportation for 60 gold pieces
 31796 | Snake:4  | Bought a scroll of teleportation for 60 gold pieces
 32131 | Snake:4  | Got a serpentine rune of Zot
 32159 | Snake:4  | Reached skill level 14 in Dodging
 32176 | Snake:4  | Acquired 1035 gold pieces
 32323 | Snake:4  | Found Jerriw's Book Emporium.
 32375 | Snake:4  | Found Hashualo's General Store.
 32382 | Snake:4  | Bought a scroll of holy word for 105 gold pieces
 32382 | Snake:4  | Bought a scroll of blinking for 105 gold pieces
 32392 | Snake:4  | Reached XP level 20. HP: 166/166 MP: 0/0
 32706 | Elf:1    | Entered Level 1 of the Elven Halls
 32935 | Elf:1    | Found Woynad's General Store.
 32985 | Elf:1    | Bought a potion of haste for 140 gold pieces
 33358 | Elf:1    | Identified Mnoleg's Papyrus of the Entourage
 34126 | Elf:2    | Found a runed translucent gate.
 34127 | Elf:2    | Found a runed translucent gate.
 34127 | Elf:2    | Found a runed translucent gate.
 34811 | Elf:3    | Entered Level 3 of the Elven Halls
 34904 | Elf:3    | Identified the +1 scale mail "Wuudehi" {+Blink Str+4
                  | Slay+2}
 34906 | Elf:3    | Noticed Saint Roka
 34928 | Elf:3    | Killed Saint Roka
 34929 | Elf:3    | Reached XP level 21. HP: 102/174 MP: 0/0
 34929 | Elf:3    | Learned a level 7 spell: Enfeeble
 35219 | Elf:3    | Found Vipoabal's Distillery.
 35227 | Elf:3    | Bought a potion of heal wounds for 80 gold pieces
 35227 | Elf:3    | Bought a potion of curing for 48 gold pieces
 35227 | Elf:3    | Bought a potion of mutation for 128 gold pieces
 35311 | Elf:3    | Found the +11 plutonium sword {Contam Stlth-}
 35312 | Elf:3    | Identified the ring of Xontutso {Ice Drain rCorr Int+2
                  | Stlth+}
 35315 | Elf:3    | Found a runed translucent door.
 35492 | Elf:3    | Cast into level 2 of the Abyss (a deep elf sorcerer)
 35609 | Abyss:3  | Noticed a bone dragon
 35647 | Abyss:3  | Reached skill level 15 in Dodging
 35841 | Abyss:3  | Killed a bone dragon
 35846 | Abyss:3  | Got an abyssal rune of Zot
 35857 | Elf:3    | Escaped the Abyss
 36155 | Elf:3    | Noticed a Tzitzimitl
 36385 | Elf:3    | Cast into level 2 of the Abyss (a deep elf sorcerer)
 36402 | Elf:3    | Escaped the Abyss
 36414 | Elf:3    | Noticed Mara
 36418 | Elf:3    | Identified the +1 robe of Complete Protection {rF+ Dex-2
                  | Slay+2 Archmagi}
 36433 | Elf:3    | Killed Mara
 36441 | Elf:3    | Identified the -3 pair of boots of Dramatic Exits {-Cast
                  | rN+++ Int-4 Dex+7}
 36441 | Elf:3    | Identified the +9 halberd "Ysoraen" {vorpal, rPois rN+++
                  | Str-2 Stlth+}
 36441 | Elf:3    | Identified the ring "Uhotyose" {rPois rCorr EV+4 Int-3
                  | Stlth+}
 36484 | Elf:3    | Identified the ring of Numecvohel {Fire Int+6}
 36680 | Elf:3    | Cast into level 2 of the Abyss (a deep elf sorcerer)
 36878 | Abyss:2  | Found an iron altar of Okawaru.
 36932 | Elf:3    | Escaped the Abyss
 36988 | Elf:3    | Identified the ring of Pafaalid {Wiz rCorr Str+4}
 37203 | Elf:3    | Reached skill level 15 in Fighting
 37203 | Elf:3    | Reached XP level 22. HP: 182/182 MP: 0/0
 37246 | Elf:3    | Identified the +9 shortbow "Forucreo" {freeze, *Slow Str+10
                  | Dex-4 SInv}
 37751 | Vaults:1 | Entered Level 1 of the Vaults
 37936 | Vaults:1 | Reached skill level 15 in Spellcasting
 38031 | Vaults:1 | Reached XP level 23. HP: 188/188 MP: 0/0
 38031 | Vaults:1 | Learned a level 8 spell: Summon Horrible Things
 38056 | Vaults:1 | Identified the cursed +2 pair of gloves of Ashenzari's
                  | Portent {Self, Evo} (You took it off Nikola on level 3 of
                  | the Snake Pit)
 38169 | Vaults:1 | Reached skill level 10 in Axes
 38432 | Vaults:1 | Found Fiho's Assorted Antiques.
 38438 | Vaults:1 | Bought a potion of heal wounds for 135 gold pieces
 38438 | Vaults:1 | Bought a potion of mutation for 216 gold pieces
 38495 | Vaults:1 | Reached skill level 16 in Dodging
 38634 | Vaults:1 | Found Ericriduwk's Jewellery Shop.
 39091 | Vaults:1 | Found Nidyik's Antique Armour Emporium.
 39595 | Vaults:2 | Noticed Mennas
 39614 | Vaults:2 | Killed Mennas
 39723 | Vaults:2 | Found Yckepude's Antique Weapon Boutique.
 40433 | Vaults:2 | Reached XP level 24. HP: 146/201 MP: 0/0
 42006 | Vaults:3 | Found a staircase to the Crypt.
 42026 | Vaults:3 | Reached skill level 17 in Dodging
 42026 | Vaults:3 | Reached skill level 15 in Shields
 42138 | Vaults:4 | Reached skill level 15 in Armour
 42314 | Vaults:4 | Found Iril's Armour Boutique.
 42714 | Vaults:4 | Found a portal to a secret trove of treasure.
 43895 | D:1      | Bought the ring "Jistroic" {Str+3 Dex+4 Slay+4} for 1395
                  | gold pieces
 43909 | D:1      | Bought a scroll of blinking for 105 gold pieces
 43909 | D:1      | Bought a scroll of teleportation for 42 gold pieces
 43909 | D:1      | Bought a scroll of teleportation for 42 gold pieces
 43972 | D:1      | Bought a potion of haste for 130 gold pieces
 43972 | D:1      | Bought a scroll of fear for 45 gold pieces
 43972 | D:1      | Bought a scroll of blinking for 97 gold pieces
 43972 | D:1      | Bought a scroll of holy word for 97 gold pieces
 44009 | D:3      | Bought a scroll of teleportation for 39 gold pieces
 44009 | D:3      | Bought a scroll of blinking for 97 gold pieces
 44009 | D:3      | Bought a scroll of blinking for 97 gold pieces
 44009 | D:3      | Bought 3 scrolls of teleportation for 117 gold pieces
 44321 | Vaults:4 | You paid a toll of the ring "Jistroic" to enter a treasure
                  | trove
 44322 | Trove    | Entered a treasure trove
 44362 | Trove    | Identified the Compendium of the Doomed Escort
 44372 | Vaults:4 | Acquired a manual of Evocations
 44425 | Vaults:5 | Entered Level 5 of the Vaults
 44514 | Vaults:4 | Reached XP level 25. HP: 209/209 MP: 0/0
 44514 | Vaults:4 | Learned a level 9 spell: Dragon's Call
 44577 | Vaults:5 | Noticed a dread lich
 44584 | Vaults:5 | Killed a dread lich
 44958 | Vaults:5 | Paralysed by a floating eye for 4 turns
 45092 | Vaults:5 | Found Hiosi's Jewellery Boutique.
 45479 | Vaults:5 | Found Ejext's Distillery.
 45485 | Vaults:5 | Noticed a dread lich
 45512 | Vaults:5 | Killed a dread lich
 45513 | Vaults:5 | Reached skill level 18 in Dodging
 45631 | Vaults:5 | Found Mooruij's Antique Armour Emporium.
 45642 | Vaults:5 | Bought a potion of mutation for 168 gold pieces
 45924 | Vaults:5 | Got a silver rune of Zot
 46400 | Vaults:5 | Found Asmoetagra's Distillery.
 46436 | Vaults:5 | Reached XP level 26. HP: 87/217 MP: 0/0
 46462 | Vaults:5 | Bought a potion of curing for 54 gold pieces
 46462 | Vaults:5 | Bought a potion of resistance for 180 gold pieces
 46462 | Vaults:5 | Bought a potion of heal wounds for 90 gold pieces
 46462 | Vaults:5 | Bought a potion of heal wounds for 90 gold pieces
 46462 | Vaults:5 | Bought a potion of heal wounds for 90 gold pieces
 46462 | Vaults:5 | Bought a potion of invisibility for 144 gold pieces
 46462 | Vaults:5 | Bought a potion of invisibility for 144 gold pieces
 46462 | Vaults:5 | Bought a potion of cancellation for 144 gold pieces
 46991 | Depths:1 | Entered Level 1 of the Depths
 47288 | Depths:1 | Found a hide-covered altar of Uskayaw.
 47351 | Depths:1 | Found a one-way gate to the infinite horrors of the Abyss.
 47431 | Depths:1 | Found a gateway to Hell.
 47838 | Depths:2 | Found a one-way gateway to a ziggurat.
 47965 | Depths:2 | Found a glowing silver altar of Zin.
 48616 | Depths:2 | Identified the +8 rapier of Wuowniyz {vorpal, Int+2}
 48659 | Depths:2 | Found a one-way gate leading to the halls of Pandemonium.
 48831 | Hell     | Entered the Vestibule of Hell
 48831 | Hell     | Noticed Geryon
 48852 | Depths:3 | Found a huge runed gate.
 48852 | Depths:3 | Found a huge runed gate.
 48852 | Depths:3 | Found a huge runed gate.
 48852 | Depths:3 | Found a huge runed gate.
 48852 | Depths:3 | Found a huge runed gate.
 48852 | Depths:3 | Found a huge runed gate.
 48852 | Depths:3 | Found a huge runed gate.
 48852 | Depths:3 | Found a huge runed gate.
 48852 | Depths:3 | Found a huge runed gate.
 48852 | Depths:3 | Found a huge runed gate.
 48852 | Depths:3 | Found a huge runed gate.
 48852 | Depths:3 | Found a huge runed gate.
 48852 | Depths:3 | Found a huge runed gate.
 48852 | Depths:3 | Found a huge runed gate.
 48852 | Depths:3 | Found a huge runed gate.
 48852 | Depths:3 | Found a huge runed gate.
 48852 | Depths:3 | Found a huge runed gate.
 48852 | Depths:3 | Found a huge runed gate.
 48852 | Depths:3 | Found a huge runed gate.
 48852 | Depths:3 | Found a huge runed gate.
 48928 | Depths:3 | Reached skill level 15 in Evocations
 48940 | Depths:3 | Found a glowing silver altar of Zin.
 48980 | Depths:3 | Found a flickering gateway to a bazaar.
 48987 | Bazaar   | Entered a bazaar
 49005 | Bazaar   | Found Ovved's Distillery.
 49005 | Bazaar   | Found Teziuth's Weapon Shoppe.
 49017 | Bazaar   | Bought a potion of might for 48 gold pieces
 49017 | Bazaar   | Bought a potion of curing for 36 gold pieces
 49017 | Bazaar   | Bought a potion of haste for 120 gold pieces
 49017 | Bazaar   | Bought a potion of might for 48 gold pieces
 49026 | Bazaar   | Found Ylaxamme's General Store.
 49032 | Bazaar   | Bought a scroll of enchant armour for 75 gold pieces
 49032 | Bazaar   | Bought a scroll of teleportation for 30 gold pieces
 49032 | Bazaar   | Bought a potion of curing for 30 gold pieces
 49046 | Bazaar   | Bought a potion of cancellation for 96 gold pieces
 49067 | Bazaar   | Found Milattev's Distillery.
 49073 | Bazaar   | Bought a potion of heal wounds for 50 gold pieces
 49073 | Bazaar   | Bought a potion of resistance for 100 gold pieces
 49073 | Bazaar   | Bought a potion of mutation for 80 gold pieces
 49073 | Bazaar   | Bought a potion of curing for 30 gold pieces
 49073 | Bazaar   | Bought a potion of heal wounds for 50 gold pieces
 49073 | Bazaar   | Bought a potion of mutation for 80 gold pieces
 49082 | Bazaar   | Found Fegaqeth's Jewellery Emporium.
 49928 | Depths:3 | Reached XP level 27. HP: 175/211 MP: 0/0
 49928 | Depths:3 | Learned a level 9 spell: Death's Door
 49933 | Depths:3 | Identified the +9 falchion of Beogh's Approval {drain, rN+
                  | Str+5 Dex+5}
 49933 | Depths:3 | Identified the ring "Rogar" {rN+ Will+}
 50086 | Depths:3 | Identified the +1 ring mail "Deomoatz" {Harm rPois MP+9
                  | Int-4}
 50356 | Depths:4 | Entered Level 4 of the Depths
 50356 | Depths:4 | Identified the +1 leather armour "Arysue" {Harm Rampage
                  | +Blink Dex-2}
 50358 | Depths:4 | Found Xolouc's Antique Armour Emporium.
 50385 | Depths:4 | Reached skill level 19 in Dodging
 50547 | Depths:4 | Found Gap Fues's Antique Armour Boutique.
 50645 | Depths:4 | Found Baupau Atyo's Antique Armour Boutique.
 50676 | Depths:4 | Found Ewyeloent's Elemental Accessories.
 50791 | Depths:4 | Found a gate to the Realm of Zot.
 50927 | Depths:4 | Found an opulent altar of Gozag.
 51001 | Depths:4 | Found Cousups's Weapon Emporium.
 51091 | Depths:4 | Found Ynoqopp's Weapon Shop.
 51262 | Depths:4 | Found Puvyrishra's Book Shoppe.
 51289 | Depths:4 | Found Zeobiav's Book Shoppe.
 51289 | Depths:4 | Found Wefai's Jewellery Shop.
 51357 | Zot:1    | Entered Level 1 of the Realm of Zot
 51479 | Zot:1    | Noticed an orb of fire
 51479 | Zot:1    | Identified the +3 short sword "Grum" {drain, rPois Str+9
                  | Int-3}
 51479 | Zot:1    | Identified the Volume of The Black Sun
 51520 | Zot:1    | Acquired a +2 pair of gloves of dexterity
 51542 | Zot:1    | Gained mutation: Your spells are a little easier to cast,
                  | but a little less powerful. [an orb of fire]
 51548 | Zot:1    | Killed an orb of fire
 52402 | Zot:3    | Identified the +1 leather armour "Warruzes" {rPois rCorr
                  | Str+6 Stlth-}
 53272 | Zot:4    | Noticed an orb of fire
 53279 | Zot:4    | Gained mutation: You are frail. (-10% HP) [an orb of fire]
 53285 | Zot:4    | Killed an orb of fire
 53382 | Zot:4    | Lost mutation: You passively dampen the noise of your
                  | surroundings. [potion of mutation]
 53382 | Zot:4    | Lost mutation: Your spells are a little easier to cast, but
                  | a little less powerful. [potion of mutation]
 53382 | Zot:4    | Gained mutation: You tend to lose your temper in combat.
                  | [potion of mutation]
 53382 | Zot:4    | Gained mutation: You expend health (3 HP) to strengthen
                  | your wands. [potion of mutation]
 53382 | Zot:4    | Gained mutation: You passively dampen the noise of your
                  | surroundings. [potion of mutation]
 53383 | Zot:4    | Lost mutation: You expend health (3 HP) to strengthen your
                  | wands. [potion of mutation]
 53383 | Zot:4    | Gained mutation: You have a pair of small horns on your
                  | head. [potion of mutation]
 53384 | Zot:4    | Lost mutation: You have a pair of small horns on your head.
                  | [potion of mutation]
 53384 | Zot:4    | Lost mutation: You are frail. (-10% HP) [potion of
                  | mutation]
 53384 | Zot:4    | Gained mutation: You have a pair of small horns on your
                  | head. [potion of mutation]
 53384 | Zot:4    | Gained mutation: You have a pair of horns on your head.
                  | [potion of mutation]
 53385 | Zot:4    | Lost mutation: You have a pair of horns on your head.
                  | [potion of mutation]
 53385 | Zot:4    | Lost mutation: You have a pair of small horns on your head.
                  | [potion of mutation]
 53385 | Zot:4    | Gained mutation: You often lose your temper in combat.
                  | [potion of mutation]
 53385 | Zot:4    | Gained mutation: You are agile. (Dex +2) [potion of
                  | mutation]
 53385 | Zot:4    | Gained mutation: You are partially covered in iridescent
                  | scales. (AC +2) [potion of mutation]
 53385 | Zot:4    | Gained mutation: You have a pair of small horns on your
                  | head. [potion of mutation]
 53386 | Zot:4    | Lost mutation: You are partially covered in iridescent
                  | scales. (AC +2) [potion of mutation]
 53386 | Zot:4    | Lost mutation: You often lose your temper in combat.
                  | [potion of mutation]
 53386 | Zot:4    | Lost mutation: You have a pair of small horns on your head.
                  | [potion of mutation]
 53387 | Zot:4    | Lost mutation: You are agile. (Dex +2) [potion of mutation]
 53387 | Zot:4    | Lost mutation: You tend to lose your temper in combat.
                  | [potion of mutation]
 53387 | Zot:4    | Gained mutation: You are agile. (Dex +2) [potion of
                  | mutation]
 53387 | Zot:4    | Lost mutation: You are agile. (Dex +2) [potion of mutation]
 53387 | Zot:4    | Gained mutation: You are clumsy. (Dex -2) [potion of
                  | mutation]
 53608 | Zot:5    | Entered Level 5 of the Realm of Zot
 54060 | Zot:5    | Noticed an ancient lich
 54071 | Zot:5    | Noticed a Killer Klown
 54072 | Zot:5    | Noticed an ancient lich
 54072 | Zot:5    | Killed an ancient lich
 54073 | Zot:5    | Reached skill level 20 in Dodging
 54079 | Zot:5    | Killed a Killer Klown
 54079 | Zot:5    | Killed an ancient lich
 54081 | Zot:5    | Noticed a dread lich
 54081 | Zot:5    | Noticed a dread lich
 54082 | Zot:5    | Noticed a dread lich
 54083 | Zot:5    | Noticed an ancient lich
 54084 | Zot:5    | Noticed an orb of fire
 54087 | Zot:5    | Killed a dread lich
 54089 | Zot:5    | Killed a dread lich
 54089 | Zot:5    | Killed a dread lich
 54246 | Zot:5    | Killed an orb of fire
 54309 | Zot:5    | Killed an ancient lich
 54338 | Zot:5    | Noticed a Killer Klown
 54343 | Zot:5    | Killed a Killer Klown
 54362 | Zot:5    | Got the Orb of Zot
 54369 | Zot:5    | Noticed an ancient lich
 54414 | Zot:5    | Killed an ancient lich
 54427 | Zot:5    | Noticed Gufir the pandemonium lord
 54436 | Zot:5    | Killed Gufir the pandemonium lord
 54524 | Zot:3    | Noticed Ruskeom the pandemonium lord
 54628 | Zot:1    | HP: 11/292 [Brimstone Fiend/damnation (40)]
 54655 | Zot:1    | Noticed Rialobil the pandemonium lord
 54666 | Zot:1    | Killed from afar by Rialobil the pandemonium lord

Illustrated notes

Levels and vault maps discovered:
D:1:      wander_arrival_chamber, layout_loops_corners, serial_shops, shop,
          nicolae_shop_temple_entry_statues_fountains, nicolae_diamond_shop,
          shop, nicolae_shop_stone, dk_noncrumbling_3, st_stairs_2,
          kennysheep_small_spiral, minmay_cut_off
D:2:      kennysheep_big_flooded_room, layout_loops_ring,
          shapermc_ecumenical_altar_petra, serial_bayou_pond_d, uniq_jessica
D:3:      layout_loops_corners, nicolae_dithmenos_through_a_glass_darkly,
          serial_shops, nicolae_shop_stone, minmay_fractal_squares_diagonal_5
D:4:      layout_gridville, mainiacjoe_overflow_alcove_4,
          nicolae_tso_besieged_by_evil, vehumet_statue,
          minmay_temple_entry_poolview, serial_shops, shop, uniq_grinder
D:5:      layout_rooms
D:6:      layout_basic, uniq_pikel
D:7:      layout_basic, grunt_ministairs_5, corexii_corridor_pit, uniq_joseph
D:8:      layout_basic, fedhas_altar_1, serial_shops, shop, nicolae_shop_stone,
          shop, shop, uniq_harold, uniq_psyche, uniq_maurice
D:9:      layout_loops_ring, mainiacjoe_overflow_catwalk_spiral, orc_0_dummy,
          ebering_ghost_gozag, minmay_strange_pillars,
          chequers_serial_rivers_room_b, minmay_microvault
D:10:     layout_basic, pdpol_temple_overflow_zin_treasury_gozag_greed,
          dpeg_oklobed_lair, bh_hangedman_babel_library
D:11:     minmay_sliced_demisemicircle, layout_basic, kennysheep_generic_room_5
D:12:     layout_gridville, grunt_ogre_cave
D:13:     layout_long_grid, lightli_vaults_fourway_checkpoint,
          onia_ninara_cookie
D:14:     minmay_evil_eye, layout_basic, ebering_ghost_xom,
          hangedman_decor_slide_cut, portal_ice_cave_entry_pillars_2, drop_trap,
          bloody_makhleb
D:15:     grunt_enter_depths_magical_seal, layout_rooms, good_gods_mini_temple
Temple:   oiseaux_autumnal_temple
Lair:1:   layout_misc_corridors
Lair:2:   layout_layer_cave, nicolae_spider_entry_tight_spaces, minivault_23,
          uniq_gastronok
Lair:3:   minmay_guarded_unrand_snakebite, layout_gridlike,
          minmay_snake_entry_guardpost_small
Lair:4:   layout_regular_city, serial_forest, infiniplex_forest_lined_2,
          infiniplex_forest_end_3, infiniplex_forest_end_3,
          infiniplex_forest_clump_large, infiniplex_forest_end_1,
          infiniplex_forest_lined_room_, minmay_lindwurm_lava,
          grunt_megastairs_2
Lair:5:   cheibrodos_lair_river_kwai, layout_cellular_growth, uniq_rupert
Lair:6:   due_jungle_book, layout_misc_corridors, dpeg_slime_entry_corner
Snake:1:  layout_layer_cave, grunt_megastairs_1, uniq_asterion
Snake:2:  layout_misc_corridors, nicolae_snake_single_loop
Snake:3:  layout_basic, grunt_megastairs_3, uniq_nikola, uniq_vashnia
Snake:4:  minmay_snake_end_coiled, layout_rooms, serial_shops,
          nicolae_shop_advertising_works [nicolae_subvault_shop_adworks],
          nicolae_shop_trees, nicolae_shop_stone
Spider:1: layout_spider_delve, hangedman_spider_tarantella_strand, uniq_roxanne
Spider:2: layout_spider_delve
Spider:3: layout_spider_delve
Spider:4: johnstein_spider_rune_arachne_lair
Orc:1:    layout_caves
Orc:2:    st_orc_elflike, layout_caves, basic_altar, uniq_urug, uniq_donald
Elf:1:    layout_rooms, serial_shops, nicolae_shop_waterfront,
          hangedman_elf_disciples, hangedman_research_convocations
Elf:2:    nicolae_elf_blades_crystal_corner, layout_loops_corners,
          hangedman_elf_simple_split, st_stairs_9
Elf:3:    minmay_elf_hall_statues, layout_gridlike, serial_shops, shop,
          small_chamber_with_monster, minivault_13, uniq_saint_roka, uniq_mara
Vaults:1: nicolae_vaults_border_crossing, nicolae_vaults_network_barrier,
          vaults_mumra_lcd, v_misc_33, grunt_vaults_twisty,
          hangedman_vaults_nails, v_misc_12, layout_vaults_chaotic_city,
          serial_shops, nicolae_shop_window_shopping, shop, shop
Vaults:2: st_cross, v_misc_1, ontoclasm_vaults_gateway, vaults_room_hallway,
          nicolae_vaults_diagonal_hallway_6, ontoclasm_vaults_shuriken,
          ontoclasm_vaults_eye, grunt_vaults_hallway_short, v_misc_5,
          nicolae_vaults_windows_and_doors_thing, vaults_room_boxed,
          vaults_standard_mumra_enter_the_diamond,
          nicolae_vaults_little_squares_6, ontoclasm_vaults_ring_large,
          grunt_vaults_focal, layout_vaults_omnicross, serial_shops, shop,
          uniq_mennas
Vaults:3: vaults_room_pool, ontoclasm_vaults_bender, nicolae_vaults_network_s,
          ontoclasm_vaults_hangar, nicolae_vaults_diagonal_hallway_6,
          layout_vaults_omnigrid
Vaults:4: nicolae_vaults_little_squares_3, nicolae_vaults_alarming, v_misc_11,
          v_misc_10, vaults_room_octagon, nicolae_vaults_little_squares_2,
          v_misc_27, hangedman_vaults_trim, ontoclasm_vaults_ring_large,
          vaults_room_grunt_arrival_checkpoint, ontoclasm_vaults_pinch,
          ontoclasm_vaults_twist, layout_vaults_maze_snakey,
          nicolae_trove_entry_diagonal, serial_shops,
          nicolae_shop_hallway_stairs
Vaults:5
Depths:1: layout_roguey, grunt_hell_entry_dis_grunt, abyss_entry,
          serial_bayou_shore_a, nicolae_uskayaw_murder_on_the_dancefloor
Depths:2: hangedman_cross_cluster, layout_small_grid, enter_ziggurat_f,
          rand_demon_pan_entry_7, hell_entry, glass_columns_c, drop_trap
Depths:3: minmay_the_grid_triangle_9x9_rhombus_full_mashed
          [minmay_the_grid_triangle_9x9_sparse_checkered,
          minmay_the_grid_triangle_9x9_dagger,
          minmay_the_grid_triangle_9x9_flanged_cone,
          minmay_the_grid_triangle_9x9_empty,
          minmay_the_grid_triangle_9x9_corruption,
          minmay_the_grid_triangle_9x9_wacky_v,
          minmay_the_grid_triangle_9x9_alien,
          minmay_the_grid_triangle_9x9_prize_top_heavy], layout_basic,
          hangedman_coc_ice_floe, zin_angel, abyss_entry_crystal, serial_shops,
          bzr_entry_road, reverse_door_vault, firewood_loft,
          infiniplex_staircase_zigzag_1
Depths:4: grunt_crosshair, layout_cave_shapes, hell_entry, serial_shops,
          nicolae_shop_waterfront, nicolae_inconvenience_store, shop,
          nicolae_shop_bloodbath_and_beyond, nicolae_diamond_shop,
          grunt_gozag_breadcrumbs, nicolae_elemental_shop, minmay_shop_grove
Hell
Zot:1:    dreamdust_black_sun_cult, layout_onion_interference,
          grunt_megastairs_5
Zot:2:    layout_twisted_circle
Zot:3:    kennysheep_blocky_hall, layout_basic
Zot:4:    layout_gridlike, skrybe_zot_glass_2
Zot:5:    layout_misc_corridors

Skill      XL: |  1  2  3  4  5  6  7  8  9 10 11 12 13 14 15 16 17 18 19 20 21 22 23 24 25 26 27 |
---------------+----------------------------------------------------------------------------------+-----
Spellcasting   | 4 5 6 7 8 10 11 12 13 14 15 16 17 | 17.6
Fighting       | 4 6 7 8 9 10 11 12 13 14 15 16 17 19 | 19.3
Evocations     | 4 6 7 8 9 10 11 12 14 15 17 | 17.9
Long Blades    | 1 4 5 6 7 8 |  8.0
Dodging        | 3 5 7 8 9 10 11 12 13 14 15 16 17 18 20 | 20.4
Shields        | 1 4 5 7 8 9 10 11 12 13 14 15 16 18 | 18.3
Armour         | 1 4 5 7 8 9 10 11 12 13 14 15 16 18 | 18.3
Axes           | 2 4 5 6 7 8 9 10 11 12 14 | 14.3
Stealth        | 2 3 |  3.0

Action                   |  1- 3 |  4- 6 |  7- 9 | 10-12 | 13-15 | 16-18 | 19-21 | 22-24 | 25-27 || total
-------------------------+-------+-------+-------+-------+-------+-------+-------+-------+-------++-------
Melee: Dagger            |     8 |       |       |       |       |       |       |       |       ||     8
       Spear             |     7 |    99 |   210 |       |       |       |       |       |       ||   316
       Whip              |       |       |    66 |   143 |       |       |       |       |       ||   209
       Long sword        |       |       |       |   214 |   284 |       |       |       |       ||   498
       Punch             |       |       |       |     1 |       |       |       |       |       ||     1
       Cutlass           |       |       |       |       |   572 |   104 |       |       |       ||   676
       Broad axe         |       |       |       |       |       |   619 |   797 |  1006 |  1786 ||  4208
Throw: Dart              |       |       |       |    11 |       |       |       |       |       ||    11
 Cast: Freeze            |    34 |     1 |     1 |     2 |       |       |       |       |       ||    38
       Frozen Ramparts   |     2 |     8 |    29 |    45 |    47 |    20 |       |       |       ||   151
       Ozocubu's Armour  |       |     3 |    13 |    23 |    19 |    18 |       |       |       ||    76
       Magic Dart        |       |     2 |    11 |    12 |       |       |       |       |       ||    25
       Hailstorm         |       |       |     3 |    20 |     2 |       |       |       |       ||    25
       Poisonous Vapours |       |       |     1 |    17 |    16 |    10 |     6 |       |       ||    50
       Iskenderun's Myst |       |       |       |     6 |    65 |   132 |    31 |     7 |    11 ||   252
       Freezing Cloud    |       |       |       |       |    12 |    25 |     5 |       |     2 ||    44
       Iron Shot         |       |       |       |       |    22 |   138 |   126 |       |       ||   286
       Monstrous Menager |       |       |       |       |       |    40 |    75 |    15 |    39 ||   169
       Corpse Rot        |       |       |       |       |       |     2 |       |       |       ||     2
       Statue Form       |       |       |       |       |       |       |    38 |    40 |    54 ||   132
       Enfeeble          |       |       |       |       |       |       |     1 |       |       ||     1
       Summon Horrible T |       |       |       |       |       |       |       |    16 |    27 ||    43
       Dragon's Call     |       |       |       |       |       |       |       |       |    25 ||    25
Invok: Curse Item        |       |       |       |     5 |     4 |     2 |     1 |     2 |     2 ||    16
       Shatter the Chain |       |       |       |       |       |     2 |     3 |       |     2 ||     7
 Abil: End Transformatio |       |       |       |       |       |       |       |       |     1 ||     1
Evoke: Wand              |       |     8 |     7 |     9 |     1 |     2 |     5 |       |     6 ||    38
       Box of beasts     |       |       |       |     1 |     1 |     4 |     2 |       |     4 ||    12
       Phantom mirror    |       |       |       |       |       |       |     2 |       |     3 ||     5
       Condenser vane    |       |       |       |       |       |       |     2 |     1 |     2 ||     5
  Use: Scroll            |       |     1 |     7 |     2 |     3 |     8 |     5 |     1 |    20 ||    47
       Potion            |       |       |     2 |       |       |     1 |     2 |     1 |    12 ||    18
 Stab: Sleeping          |       |     6 |     4 |     3 |     9 |     3 |    17 |     8 |    14 ||    64
       Distracted        |       |       |       |     1 |       |     5 |     9 |     7 |    22 ||    44
       Invisible         |       |       |       |       |       |       |     1 |       |       ||     1
Armor: Robe              |     4 |    23 |   105 |   219 |   265 |   288 |    16 |       |       ||   920
       Skin              |       |       |       |       |       |       |   222 |   426 |   442 ||  1090
       Scale mail        |       |       |       |       |       |       |    50 |    89 |   235 ||   374
Dodge: Dodged            |    21 |    45 |   230 |   368 |   547 |   655 |   648 |  1089 |  1361 ||  4964
Block: Buckler           |       |       |       |       |   231 |    73 |       |       |       ||   304
       Tower shield      |       |       |       |       |       |   941 |    70 |       |       ||  1011
       Kite shield       |       |       |       |       |       |       |   881 |  1337 |  1840 ||  4058

Table legend: (Time is in decaauts)
 A = Elapsed time spent in this place.
 B = Non-inter-level travel time spent in this place.
 C = Inter-level travel time spent in this place.
 D = Time resting spent in this place.
 E = Time spent auto-exploring this place.
 F = Levels seen in this place.
 G = Mean time per level.
                   A        B        C        D        E       F      G
               +--------+--------+--------+--------+--------+-----+--------+
         Total |  57761 |  53531 |   4230 |   3219 |  33775 |  58 |  995.9 |
       Dungeon |  16392 |  14539 |   1853 |    611 |  10552 |  15 | 1092.8 |
        Temple |    249 |    194 |     55 |      0 |    180 |   1 |  249.0 |
          Lair |   7347 |   6741 |    606 |    485 |   4428 |   6 | 1224.5 |
     Snake Pit |   4129 |   4018 |    111 |      0 |   2525 |   4 | 1032.2 |
   Spider Nest |   3628 |   3468 |    160 |    412 |   1999 |   4 |  907.0 |
  Orcish Mines |   1533 |   1328 |    205 |    191 |    709 |   2 |  766.5 |
   Elven Halls |   4760 |   4608 |    152 |    416 |   2606 |   3 | 1586.7 |
        Vaults |   9828 |   9053 |    775 |    501 |   5708 |   5 | 1965.6 |
        Depths |   4474 |   4348 |    126 |      8 |   2743 |   4 | 1118.5 |
          Hell |      1 |      1 |      0 |      0 |      0 |   1 |    1.0 |
           Zot |   3615 |   3431 |    184 |    312 |   1674 |   5 |  723.0 |
         Abyss |    727 |    727 |      0 |      0 |    147 |   5 |  145.4 |
        Bazaar |    122 |    122 |      0 |      0 |     99 |   1 |  122.0 |
         Trove |     47 |     47 |      0 |      0 |     29 |   1 |   47.0 |
      Ice Cave |    901 |    901 |      0 |    283 |    374 |   1 |  901.0 |
               +--------+--------+--------+--------+--------+-----+--------+

Top non-repeatable levels by time:
Vaults:5: 2323 daAuts
   Elf:3: 2297 daAuts
Vaults:4: 2170 daAuts
Vaults:1: 2113 daAuts
Vaults:2: 1883 daAuts
     D:4: 1673 daAuts
     D:3: 1501 daAuts
     D:1: 1496 daAuts
  Lair:6: 1494 daAuts
Depths:3: 1432 daAuts
   Elf:2: 1384 daAuts
  Lair:2: 1343 daAuts
Vaults:3: 1337 daAuts
     D:9: 1315 daAuts
  Lair:1: 1222 daAuts
